AoeStats
← Games Dean

Black Forest

504384000Analyzed
4v4 RM · 27d ago on Sep 5, 2026· 51m 31s· 8 players
Game mode
Random Map
Map size
Large (8 player)
Population
200
Speed
Normal
Resources
Standard
Victory
Conquest
Starting age
Dark Age
Ending age
Imperial Age
RankedLock teamsTeams togetherTeam positionsShared explorationLock speedFull tech treeHidden civsTurbo modeCheats
Victory
Defeat
🇺🇸 Bohemians · United States
1322
+11
🇺🇸 Khmer · United States
1209
+16
🇺🇸 Persians · United States
1196
+16
🇺🇸 Italians · United States
1063
+22
🇺🇸 Persians · United States
1224
-17
🇦🇷 Malay · Argentina
1215
-17
🇬🇹 Bohemians · Guatemala
1185
-16
🇺🇸 Vietnamese · United States
1178
-15
Games Dean
1:33 Loom
11:52 Feudal Age
16:59 Castle Age
15:24 Stone Mining
16:34 Horse Collar
17:55 Double-Bit Axe
20:21 Wheelbarrow
25:52 Bow Saw
31:07 Hand Cart
36:18 Fletching
40:09 Imperial Age
38:10 Ballistics
37:57 Gold Mining
38:47 Padded Archer Armor
39:07 Masonry
40:33 Leather Archer Armor
41:56 Conscription
40:59 Elite Ballista Elephant
41:45 Husbandry
41:55 Bloodlines
43:26 Chemistry
42:22 Murder Holes
42:33 Siege Engineers
43:09 Gold Shaft Mining
44:55 Ring Archer Armor
46:39 Architecture
46:39 Heavy Plow
46:58 Double Crossbow
49:30 Tusk Swords
49:39 Scale Barding Armor
49:45 Forging
49:15 Elite Battle Elephant
50:52 Caravan
52:02 Chain Barding Armor
52:19 Iron Casting
Yelm Rap
5:30 Loom
14:03 Feudal Age
18:07 Castle Age
16:29 Double-Bit Axe
16:29 Horse Collar
17:45 Wheelbarrow
19:37 Bow Saw
20:14 Stone Mining
22:50 Stone Shaft Mining
23:49 Hand Cart
23:21 Town Watch
27:23 Fletching
33:07 Imperial Age
30:24 Pikeman
31:05 Squires
30:50 Arson
30:51 Gambesons
31:37 Scale Mail Armor
31:47 Forging
31:55 Caravan
33:18 Heavy Plow
33:55 Conscription
33:59 Scale Barding Armor
34:29 Iron Casting
33:24 Halberdier
34:28 Citadels
35:00 Chain Barding Armor
34:36 Elite War Elephant
36:18 Crop Rotation
35:59 Gold Mining
37:35 Two-Man Saw
37:37 Blast Furnace
38:34 Gold Shaft Mining
39:35 Husbandry
39:46 Bloodlines
40:47 Plate Barding Armor
42:06 Town Patrol
42:26 Chain Mail Armor
42:11 Padded Archer Armor
42:06 Bodkin Arrow
49:48 Plate Mail Armor
49:33 Leather Archer Armor
49:40 Ballistics
50:21 Chemistry
49:17 Murder Holes
49:32 Masonry
49:33 Careening
49:33 Clinker Construction
49:56 Coinage
49:37 Guilds
49:04 Man-at-Arms
49:06 Heavy Camel Rider
49:07 Cavalier
49:07 Light Cavalry
51:30 Elite Skirmisher
51:30 Crossbowman
52:15 Thumb Ring
Defender
0:27 Loom
11:50 Feudal Age
17:31 Castle Age
15:25 Double-Bit Axe
15:37 Horse Collar
20:51 Fervor
22:10 Wheelbarrow
21:52 Heavy Plow
23:12 Bow Saw
25:40 Hand Cart
27:40 Sanctity
30:31 Imperial Age
28:04 Pikeman
28:46 Scale Mail Armor
29:53 Chemistry
29:22 Squires
30:21 Chain Mail Armor
30:16 Forging
31:07 Houfnice
31:45 Halberdier
33:54 Two-Man Saw
33:26 Plate Mail Armor
33:13 Siege Engineers
34:58 Plate Mail Armor
35:05 Iron Casting
34:27 Town Watch
34:51 Arson
36:08 Two-Man Saw
35:46 Conscription
36:49 Man-at-Arms
39:16 Blast Furnace
39:44 Treadmill Crane
40:14 Masonry
40:20 Fletching
40:53 Ballistics
42:13 Architecture
43:31 Wagenburg Tactics
44:48 Long Swordsman
45:42 Caravan
47:51 Two-Handed Swordsman
47:54 Elite Hussite Wagon
49:56 Bodkin Arrow
oh my gah
0:36 Loom
13:38 Feudal Age
18:04 Castle Age
17:22 Double-Bit Axe
17:19 Horse Collar
26:19 Fletching
28:47 Forging
28:38 Scale Mail Armor
29:35 Wheelbarrow
28:32 Pikeman
29:27 Bodkin Arrow
30:05 Padded Archer Armor
30:08 Crossbowman
30:57 Thumb Ring
31:57 Ballistics
32:16 Leather Archer Armor
32:19 Bow Saw
33:13 Gold Mining
33:48 Treadmill Crane
34:46 Fortified Wall
35:53 Hand Cart
35:24 Town Watch
39:04 Imperial Age
36:39 Heavy Plow
36:32 Stone Mining
38:41 Scale Mail Armor
39:45 Bracer
40:15 Ring Archer Armor
40:47 Chemistry
39:43 Murder Holes
40:13 Conscription
41:05 Crop Rotation
40:24 Elite Genoese Crossbowman
42:29 Hoardings
42:07 Pirotechnia
42:01 Town Patrol
42:36 Caravan
42:46 Guilds
43:47 Squires
43:32 Arson
43:13 Elite Skirmisher
Eros
0:32 Loom
15:06 Feudal Age
14:40 Horse Collar
19:24 Castle Age
21:52 Scale Barding Armor
24:00 Forging
25:39 Husbandry
26:51 Iron Casting
34:14 Pikeman
36:52 Double-Bit Axe
39:07 Gold Mining
39:46 Bow Saw
40:42 Stone Mining
41:13 Squires
42:10 Wheelbarrow
44:17 Imperial Age
42:27 Ballistics
43:12 Gold Shaft Mining
43:20 Halberdier
45:39 Blast Furnace
NIGHTMARE FLARE
5:20 Loom
5:43 Loom
12:04 Feudal Age
13:09 Double-Bit Axe
13:07 Horse Collar
19:18 Castle Age
17:44 Stone Mining
19:04 Gold Mining
23:38 Bow Saw
24:06 Fletching
25:16 Town Watch
27:35 Bodkin Arrow
31:29 Stone Shaft Mining
34:38 Imperial Age
33:24 Fortified Wall
33:34 Ballistics
33:45 Padded Archer Armor
34:44 Wheelbarrow
34:45 Scale Mail Armor
35:12 Squires
35:24 Forging
35:56 Hand Cart
36:36 Chain Mail Armor
36:57 Iron Casting
38:51 Plate Mail Armor
40:09 Elite Fire Lancer
43:22 Chemistry
44:51 Caravan
44:51 Arson
44:57 Elite Rattan Archer
45:41 Bracer
45:56 Leather Archer Armor
46:15 Leather Archer Armor
46:13 Heavy Plow
48:55 Thumb Ring
Tappia5863
4:14 Loom
12:26 Feudal Age
17:41 Castle Age
15:42 Double-Bit Axe
17:52 Horse Collar
18:45 Bow Saw
19:16 Wheelbarrow
18:51 Heavy Plow
22:19 Fervor
OfFspRlNg
12:14 Feudal Age
13:27 Double-Bit Axe
16:44 Castle Age
14:55 Bloodlines
14:51 Scale Barding Armor
14:34 Horse Collar
19:23 Chain Barding Armor
25:38 Husbandry
27:21 Loom
28:45 Wheelbarrow
29:38 Hand Cart
32:13 Forging
34:50 Imperial Age
33:35 Iron Casting
33:33 Bow Saw
34:30 Fletching
34:51 Cavalier
36:12 Plate Barding Armor
36:04 Ballistics
35:41 Bodkin Arrow
36:02 Heavy Plow
36:24 Savar
37:09 Kamandaran
38:23 Blast Furnace
39:51 Thumb Ring
39:06 Crossbowman
40:10 Padded Archer Armor
42:55 Chemistry
42:10 Light Cavalry
44:53 Elite Skirmisher
46:02 Leather Archer Armor
46:26 Imperial Skirmisher
49:04 Pikeman
49:45 Squires
49:43 Halberdier
50:38 Scale Mail Armor
51:12 Ring Archer Armor
51:14 Gold Mining
Connection lost

Rejoining the realm…

Still unreachable

The connection could not be restored.

Session expired

The server has moved on; the page needs a fresh start.